 Dungeon Crawl Stone Soup version 0.18-b1-17-g3aa4875 (webtiles) character file.

4098 shmeve the Fighter (level 10, -4/91 HPs)
             Began as a Minotaur Berserker on May 1, 2016.
             Was a High Priest of Trog.
             Slain by a hill giant
             ... wielding a +0 giant club
              (12 damage)
             ... on level 10 of the Dungeon.
             The game lasted 00:18:21 (8368 turns).

shmeve the Fighter (Minotaur Berserker)             Turns: 8368, Time: 00:18:22

Health: -4/91      AC: 16    Str: 24    XL:     10   Next: 6%
Magic:  9/9        EV:  5    Int:  5    God:    Trog [*****.]
Gold:   517        SH: 20    Dex: 10    Spells: 0 memorised, 9 levels left

rFire  . . .     SeeInvis .     a - +0 hand axe
rCold  . . .     Gourm    .     G - +0 plate armour
rNeg   . . .     Faith    .     l - +3 large shield
rPois  .         Spirit   .     (helmet restricted)
rElec  .         Dismiss  .     d - +0 cloak
rCorr  .         Reflect  .     u - +0 pair of gloves
SustAt .         Harm     .     q - +0 pair of boots
MR     .....                    (no amulet)
Stlth  ..........               (no ring)
                                (no ring)

@: not resistant to hostile enchantments, extremely unstealthy
A: retaliatory headbutt, horns 2
a: Berserk, Trog's Hand, Brothers in Arms, Burn Spellbooks, Renounce Religion


You were on level 10 of the Dungeon.
You worshipped Trog.
Trog was extremely pleased with you.
You were hungry.

You visited 1 branch of the dungeon, and saw 10 of its levels.

You collected 584 gold pieces.
You spent 67 gold pieces at shops.

Inventory:

Hand Weapons
 a - a +0 hand axe (weapon)
Armour
 d - a +0 cloak (worn)
 l - a +3 large shield (worn)
 q - a +0 pair of boots (worn)
 u - a +0 pair of gloves (worn)
 G - a +0 plate armour (worn)
Scrolls
 b - 2 scrolls of teleportation
 e - 9 scrolls of identify
 h - 2 scrolls of recharging
 i - 4 scrolls of remove curse
 k - 2 scrolls of amnesia {unknown}
 n - 3 scrolls of noise {unknown}
 v - 3 scrolls of immolation {unknown}
 w - 2 scrolls of magic mapping {unknown}
 x - a scroll of fog {unknown}
 y - 2 scrolls of blinking {unknown}
 C - 4 scrolls of random uselessness {unknown}
Potions
 g - 2 potions of lignification {unknown}
 j - 3 potions of degeneration {unknown}
 m - 5 potions of curing
 p - 4 potions of berserk rage {unknown}
 s - a potion of invisibility {unknown}
 t - a potion of mutation {unknown}
 z - a potion of cancellation {unknown}
 A - 2 potions of heal wounds {unknown}
 D - a potion of ambrosia {unknown}
 F - 2 potions of brilliance {unknown}
Comestibles
 c - 5 bread rations
 f - 3 beef jerkies
 o - 5 meat rations
 r - a slice of pizza
 B - a royal jelly
 E - 2 fruits


   Skills:
 * Level 9.0 Fighting
 * Level 8.9 Axes
 + Level 4.4 Throwing
 + Level 6.0 Armour
 + Level 5.4 Dodging
 * Level 8.9 Shields


You had 9 spell levels left.
You didn't know any spells.

Dungeon Overview and Level Annotations

Branches:
Dungeon (10/15)            Temple (0/1) D:5             Orc (0/2) D:9
   Lair: D:8-11

Altars:
Elyvilon
Kikubaaqudgha
Okawaru
Pakellas
Qazlal
Ru
Sif Muna
The Shining One

Shops:
D:9 ([%


Innate Abilities, Weirdness & Mutations

You reflexively headbutt those who attack you in melee.
You have a pair of horns on your head.


Message History

You hit something. Something hits you but does no damage.
You block the big kobold's attack.
You hit the hill giant but do no damage.
The hill giant is lightly wounded.
You hit the big kobold.
The big kobold is almost dead.
Something hits you but does no damage.
The hill giant hits you with a giant club!
* * * LOW HITPOINT WARNING * * *
You block the big kobold's attack.
A jackal comes into view.
The jackal barks!
You hit the hill giant.
The hill giant is moderately wounded.
You closely miss the big kobold.
The big kobold is almost dead.
Something hits you but does no damage.
The jackal moves out of view.
The big kobold hits you but does no damage.
The hill giant hits you with a giant club!
You die...

......... .........
........# (# #.
........# .# ....
........##.##....
......).......
#.[C......?.
...##.K@.....#
..h$.........# #.
≈≈≈≈≈...(....####.##
≈≈≈≈≈≈≈.)....#.....#
≈≈≈≈≈≈≈≈≈....#.....#
≈≈≈≈≈≈≈≈≈≈≈((#.....#
≈≈≈≈≈≈≈≈≈≈..(#.....#
≈≈≈≈≈≈≈≈≈≈≈≈(#.....#####
≈≈≈≈≈≈≈≈≈≈≈≈(#..........


You could see a hill giant, a big kobold and a jackal.

Vanquished Creatures
  Pikel (D:4)
  Sigmund (D:4)
  2 humans (D:7)
  A hungry ghost (D:7)
  Eustachio (D:4)
  The ghost of murtidash the Conjurer, an amateur DrCj (D:4)
  Menkaure (D:7)
  A water moccasin (D:6)
  An orc warrior (D:8)
  An ice beast (D:8)
  4 slaves (D:4)
  A sky beast (D:6)
  A necrophage (D:9)
  A wasp (D:7)
  3 ogres
  2 centaurs
  Blork the orc (D:4)
  3 giant frogs
  A wyvern zombie (D:7)
  5 crimson imps
  A giant frog zombie (D:9)
  2 giant frog skeletons (D:6)
  3 jellies
  An orc priest (D:4)
  5 centaur skeletons
  3 hounds
  7 orc wizards
  5 iguanas
  Natasha (D:2)
  4 worker ants
  3 worker ant zombies
  2 river rats (D:3)
  7 adders
  2 shadow imps (D:9)
  A white imp (D:8)
  An adder zombie (D:8)
  2 oozes
  An adder skeleton (D:6)
  2 worms
  5 giant geckos
  33 orcs
  A ball python (D:1)
  8 giant cockroaches
  8 goblins
  9 hobgoblins
  5 jackals
  5 quokkas
  11 bats
  6 giant newts
  3 goblin skeletons (D:8)
  A goblin zombie (D:8)
  2 hobgoblin zombies (D:8)
  2 jackal skeletons
  15 kobolds
  A kobold skeleton (D:8)
  3 orc skeletons (D:8)
  An orc zombie (D:8)
  A quokka skeleton (D:6)
  16 rats
222 creatures vanquished.

Notes
Turn   | Place    | Note
--------------------------------------------------------------
     0 | D:1      | shmeve the Minotaur Berserker began the quest for the Orb.
     0 | D:1      | Reached XP level 1. HP: 19/19 MP: 0/0
   433 | D:1      | Reached XP level 2. HP: 27/27 MP: 1/1
   745 | D:1      | Reached skill level 1 in Shields
   800 | D:1      | Reached ** piety under Trog
   974 | D:2      | Reached XP level 3. HP: 28/33 MP: 2/2
  1320 | D:2      | Noticed Natasha
  1332 | D:2      | Killed Natasha
  1332 | D:2      | Reached XP level 4. HP: 11/40 MP: 3/3
  2090 | D:2      | Found a deep blue altar of Sif Muna.
  2222 | D:3      | Reached *** piety under Trog
  2455 | D:3      | Reached skill level 4 in Fighting
  2935 | D:3      | Found an oddly glowing altar of Pakellas.
  3053 | D:3      | Reached skill level 1 in Throwing
  3053 | D:3      | Reached XP level 5. HP: 46/46 MP: 4/4
  3202 | D:4      | Noticed murtidash's ghost (amateur DrCj)
  3212 | D:4      | Killed murtidash's ghost
  3212 | D:4      | Reached XP level 6. HP: 53/53 MP: 5/5
  3222 | D:4      | Noticed Blork the orc
  3240 | D:4      | Killed Blork the orc
  3307 | D:4      | Reached skill level 5 in Shields
  3327 | D:4      | Noticed Eustachio
  3340 | D:4      | Killed Eustachio
  3340 | D:4      | Reached skill level 5 in Fighting
  3340 | D:4      | Reached skill level 5 in Axes
  3340 | D:4      | Reached XP level 7. HP: 61/61 MP: 6/6
  3370 | D:4      | Noticed Pikel
  3394 | D:4      | Killed Pikel
  3394 | D:4      | Reached skill level 6 in Fighting
  3394 | D:4      | Reached XP level 8. HP: 61/70 MP: 7/7
  3619 | D:4      | Noticed Sigmund
  3629 | D:4      | Killed Sigmund
  3992 | D:5      | Entered Level 5 of the Dungeon
  4035 | D:5      | Reached **** piety under Trog
  4398 | D:5      | Reached skill level 7 in Fighting
  4515 | D:5      | Found a sacrificial altar of Ru.
  4518 | D:5      | Found an ancient bone altar of Kikubaaqudgha.
  4807 | D:5      | Found a stormy altar of Qazlal.
  4864 | D:5      | Found a staircase to the Ecumenical Temple.
  5183 | D:6      | Got a distressingly furry ring mail
  5194 | D:6      | Identified the cursed +1 ring mail of Lugonu's Indignation {rElec rN+ Dex-4 Stlth+} (You found it on level 6 of the Dungeon)
  5468 | D:6      | Reached XP level 9. HP: 57/79 MP: 8/8
  5792 | D:7      | Noticed Menkaure
  5803 | D:7      | Reached skill level 5 in Armour
  5804 | D:7      | Killed Menkaure
  5898 | D:7      | Reached skill level 5 in Dodging
  6306 | D:7      | Reached skill level 8 in Fighting
  6309 | D:7      | Found an iron altar of Okawaru.
  6762 | D:8      | Reached ***** piety under Trog
  7213 | D:8      | Found a glowing golden altar of the Shining One.
  7503 | D:9      | Found Liolaipp's Food Emporium.
  7526 | D:9      | Found a staircase to the Orcish Mines.
  7527 | D:9      | Found Asoad's Armour Emporium.
  7528 | D:9      | Found Urhocam's Weapon Emporium.
  7551 | D:9      | Bought a +0 cloak for 67 gold pieces
  7809 | D:9      | Found a white marble altar of Elyvilon.
  7861 | D:9      | Reached XP level 10. HP: 90/90 MP: 9/9
  8142 | D:10     | Entered Level 10 of the Dungeon
  8346 | D:10     | Reached skill level 9 in Fighting
  8356 | D:10     | Noticed a hill giant
  8368 | D:10     | Slain by a hill giant

Skill      XL: |  1  2  3  4  5  6  7  8  9 10 |
---------------+-------------------------------+-----
Axes           | 4 5 7 8 |  8.9
Shields        | 1 3 4 5 6 7 8 |  8.9
Fighting       | 4 5 6 7 8 9 |  9.0
Throwing       | 1 2 3 4 |  4.4
Dodging        | 3 4 5 |  5.4
Armour         | 3 4 6 |  6.0

Action                   |  1- 3 |  4- 6 |  7- 9 | 10-12 || total
-------------------------+-------+-------+-------+-------++-------
Melee: Hand axe          |    84 |   157 |   465 |    42 ||   748
       Headbutt          |     9 |    23 |   103 |     7 ||   142
Invok: Berserk           |       |     2 |     4 |       ||     6
       Trog's Hand       |       |     2 |     1 |       ||     3
       Burn Spellbooks   |       |       |       |     1 ||     1
  Use: Scroll            |       |       |     7 |     1 ||     8
 Stab: Sleeping          |       |     1 |       |       ||     1
  Eat: Chunk             |     1 |     8 |    22 |     2 ||    33
Armor: Animal skin       |    19 |    23 |       |       ||    42
       Chain mail        |       |    43 |   108 |       ||   151
       Plate armour      |       |       |    48 |    26 ||    74
Dodge: Dodged            |    47 |    59 |    63 |     2 ||   171
Block: Large shield      |       |   104 |   435 |    39 ||   578
